 Dungeon Crawl Stone Soup version 0.30-a0-476-g330ca2eb8e (webtiles) character file.

Game seed: 270610463405197008

2735 themarg the Destroyer (level 9, -6/62 HPs)
             Began as a Black Draconian Conjurer on Dec 22, 2022.
             Was a Priest of Ashenzari.
             Killed themself with a bounced orb of electricity (12 damage)
             ... on level 8 of the Dungeon.
             The game lasted 00:23:59 (10395 turns).

themarg the Destroyer (Black Draconian Conjurer)   Turns: 10395, Time: 00:24:00

Health: -6/62      AC: 14    Str:  9    XL:     9   Next: 40%
Magic:  1/19       EV: 14    Int: 22    God:    Ashenzari [***...]
Gold:   428        SH:  0    Dex: 17    Spells: 7/22 levels left

rFire   . . .      SeeInvis +    a - +1 falchion (flame)
rCold   . . .      Faith    .    (no shield)
rNeg    . . .      Spirit   .    (body armour unavailable)
rPois   +          Reflect  .    (helmet restricted)
rElec   +          Harm     .    G - +2 cloak {rPois}
rCorr   +          Rampage  .    B - +2 pair of gloves "Share My Augurer" {Cun, Self} (curse)
Will    .....      Clarity  +    g - +0 pair of boots "Enigmatic Oracle" {Self, Fort} (curse)
Stlth   +++.......               (no amulet)
HPRegen 0.30/turn                u - ring of Desmomancy {Dex+6, Cun, Range} (curse)
MPRegen 0.16/turn                F - ring "Chained Together" {rCorr, Cun, Melee} (curse)

@: no status effects
A: breathe lightning, AC +7, unfitting armour, electricity resistance,
cold-blooded
a: Breathe Lightning, Renounce Religion, Shatter the Chains


You were on level 8 of the Dungeon.
You worshipped Ashenzari.
Ashenzari was most pleased with you.
You visited 1 branch of the dungeon, and saw 9 of its levels.

You collected 428 gold pieces.

Inventory:

Hand Weapons
 a - a +1 falchion of flaming (weapon)
Missiles
 k - 126 stones
 s - 2 boomerangs
 D - 19 poisoned darts
 H - a throwing net
Armour
 g - the cursed +0 pair of boots "Enigmatic Oracle" (worn) {Self, Fort}
   (You found it on level 1 of the Dungeon)

   It has a curse which improves the following skills: Introspection: Fighting
   and Spellcasting.
   Fortitude: Shields.
 B - the cursed +2 pair of gloves "Share My Augurer" (worn) {Cun, Self}
   (You found it on level 4 of the Dungeon)

   It has a curse which improves the following skills: Cunning: Dodging and
   Stealth.
   Introspection: Fighting and Spellcasting.
 G - a +2 cloak of poison resistance (worn)
Magical Staves
 b - a staff of conjuration
Jewellery
 l - a +6 ring of strength
 n - a +4 ring of slaying
 o - a ring of willpower
 u - the cursed ring of Desmomancy (left hand) {Dex+6, Cun, Range}
   (You found it on level 3 of the Dungeon)

   [ring of dexterity]

   Dex:       It affects your dexterity (+6).
   It has a curse which improves the following skills: Cunning: Dodging and
   Stealth.
   Ranged Combat: Ranged Weapons and Throwing.
 C - an amulet of the acrobat
 F - the cursed ring "Chained Together" (right hand) {rCorr, Cun, Melee}
   (You found it on level 4 of the Dungeon)

   [ring of resist corrosion]

   rCorr:     It protects you from acid and corrosion.
   It has a curse which improves the following skills: Cunning: Dodging and
   Stealth.
   Melee Combat: Short Blades, Long Blades, Axes, Maces & Flails, Polearms,
   Staves and Unarmed Combat.
Wands
 f - a wand of iceblast (6)
 w - a wand of charming (14)
 x - a wand of flame (7)
 y - a wand of mindburst (16)
Scrolls
 e - 4 scrolls of blinking
 h - a scroll of fog
 j - 4 scrolls of teleportation
 p - 2 scrolls of fear
 q - 4 scrolls of amnesia
 t - a scroll of torment
 z - 2 scrolls of poison
 E - 3 scrolls of immolation
 I - a scroll of summoning
 L - a scroll of brand weapon
Potions
 c - a potion of resistance
 d - 5 potions of might
 i - 2 potions of flight
 m - 2 potions of attraction
 r - a potion of cancellation
 v - 4 potions of curing
 A - 3 potions of haste
 J - a potion of ambrosia
 K - a potion of magic


   Skills:
 - Level 1.7(4.0) Dodging
 - Level 3.0(5.7) Stealth
 + Level 4.8(7.2) Spellcasting
 - Level 10.0 Conjurations
 - Level 3.0 Hexes
 - Level 3.0 Translocations
 + Level 3.4 Fire Magic
 + Level 4.0 Evocations


You had 7 spell levels left.
You knew the following spells:

 Your Spells              Type           Power      Damage    Failure   Level
a - Magic Dart            Conj           100%       1d8       1%          1
b - Searing Ray           Conj           100%       2d8       1%          2
c - Fulminant Prism       Conj/Hex       18%        3d10      5%          4
d - Iskenderun's Mystic   Conj/Tloc      36%        2d9       5%          4
e - Flame Wave            Conj/Fire      37%        2d10      4%          4

Your spell library contained the following spells:

 Spells                   Type           Power      Damage    Failure   Level
 Static Discharge         Conj/Air       58%        2-5/arc   1%          2
 Dazzling Flash           Conj/Hex       72%        N/A       1%          3
 Sticky Flame             Conj/Fire      37%        2d6       4%          4
 Inner Flame              Hex/Fire       22%        N/A       6%          3
 Vhi's Electric Charge    Tloc/Air       28%        N/A       13%         3
 Arcjolt                  Conj/Air       14%        1d24      28%         5
 Lightning Bolt           Conj/Air       14%        1d28      28%         5
 Maxwell's Capacitive Co  Air            3%         ∞         100%        8


Dungeon Overview and Level Annotations

Branches:
Dungeon (9/15)             Temple (0/1) D:5             Orc (0/2) D:9
   Lair: D:8-11

Altars:
Ashenzari
Cheibriados
Dithmenos
Elyvilon
Hepliaklqana
Okawaru
Qazlal
Trog
Uskayaw
Vehumet
Wu Jian
Jiyva

Shops:
D:2 :

Annotations:
D:8 2 transporters
D:9 Pikel


Innate Abilities, Weirdness & Mutations

You can breathe wild blasts of lightning.
Your glossy black scales are hard. (AC +7)
You cannot fit into any form of body armour.
You are resistant to electric shocks. (rElec)
You are cold-blooded and may be slowed by cold attacks.


Message History

The tengu warrior claws you but does no damage.
Pikel attacks as you move away!
Pikel hits you with a +0 whip of flaming.
Pikel burns you. Pikel attacks as you move away!
Pikel hits you but does no damage. Pikel attacks as you move away!
Pikel closely misses you.
There is an escape hatch in the ceiling here.
Casting: Searing Ray (safe; 1% risk of failure)
Confirm with . or Enter, or press ? or * to list all spells.
You erupt in a blast of force!
The mystic blast hits the tengu warrior!
The tengu warrior is moderately wounded.
The tengu warrior is knocked back by the mystic blast.
The tengu warrior slams into the rock wall!
The mystic blast hits Pikel!
Pikel is moderately wounded.
Pikel is knocked back by the mystic blast.
The tengu warrior hits you but does no damage.
The tengu warrior misses you. The tengu warrior claws you.
The tengu warrior hits you with a +0 great mace!
The tengu warrior pecks you. The tengu warrior closely misses you.
A mysterious force pulls you upwards. The hatch slams shut behind you.
Level annotation: 2 transporters You hit the tengu warrior.
You burn the tengu warrior.
The tengu warrior is moderately wounded.
The tengu warrior barely misses you.
The tengu warrior pecks you but does no damage.
The tengu warrior claws you but does no damage.
You hit the tengu warrior but do no damage.
The tengu warrior is moderately wounded.
The tengu warrior hits you with a +0 great mace!!
* * * LOW HITPOINT WARNING * * *
The tengu warrior pecks you but does no damage.
The tengu warrior claws you.
* * * LOW HITPOINT WARNING * * *
Activating: Breathe Lightning (4% risk of failure)
Press: ? - help, Dir - look around, f - activate You breathe a wild blast of lightning!
The orb of electricity explodes!
The orb of electricity engulfs you! You resist.
You die...

## #.##.#.###G.J., ##..#
.####.##..©##JJ._..J##©.#
......####.###.....###.##
......# #.#J..... J#.#
.##.#.#######..#©#,.####
.##.#.......##.# *!##..#
.##.#########*## ## ##.#
.##.# ############.#
.##.#######.....@....#.#
.##..............Q...#.#
.#########.#########.#.#
...# #.# #...# .#.#####
#.# ###...### [#.....#
#.# #.......# ######.#
#.# ###.......########
#.# #.#
#................. #.#
#.# #.###.....########


You could see a tengu warrior.

Vanquished Creatures
  A wyvern (D:9)
  Grum (D:9)
  A steam dragon (D:7)
  A water moccasin (D:9)
  2 ice beasts (D:5)
  3 wolves (D:8)
  A centaur (D:9)
  4 lemures (D:9)
  A phantom (D:7)
  2 gnoll sergeants
  3 bullfrogs
  A kobold brigand (D:9)
  A necrophage (D:5)
  5 scorpions
  4 wights (D:9)
  A jelly (D:7)
  Crazy Yiuf (D:6)
  An orc priest (D:9)
  4 hounds
  3 iguanas
  3 orc wizards
  12 gnolls
  5 adders
  2 worms
  5 dart slugs
  27 orcs
  7 bats
  5 endoplasms
  3 giant cockroaches
  16 goblins
  7 hobgoblins
  10 jackals
  3 quokkas (D:2)
  8 ball pythons
  2 frilled lizards
  18 kobolds
  6 rats
180 creatures vanquished.

Vanquished Creatures (others)
  16 plants (D:4)
16 creatures vanquished.

Grand Total: 196 creatures vanquished

Notes
Turn   | Place    | Note
-------+----------+-------------------------------------------
     0 | D:1      | themarg the Draconian Conjurer began the quest for the Orb.
     0 | D:1      | Reached XP level 1. HP: 14/14 MP: 3/3
   220 | D:1      | Reached XP level 2. HP: 11/20 MP: 0/5
   509 | D:1      | Learned a level 2 spell: Searing Ray
   833 | D:1      | Reached XP level 3. HP: 26/26 MP: 4/6
  1625 | D:2      | Found Loong's Book Boutique.
  1863 | D:2      | Reached XP level 4. HP: 32/33 MP: 0/8
  3397 | D:4      | Reached skill level 5 in Conjurations
  3534 | D:4      | Reached XP level 5. HP: 38/38 MP: 5/10
  3904 | D:4      | Found a broken altar of Ashenzari.
  4016 | D:4      | Became a worshipper of Ashenzari the Shackled
  4104 | D:4      | Found a shadowy altar of Dithmenos.
  4203 | D:4      | Found a hazy altar of Hepliaklqana.
  4228 | D:4      | Identified the +1 ring mail "Sasonun" {Regen+}
  4859 | D:5      | Entered Level 5 of the Dungeon
  5013 | D:5      | Found a staircase to the Ecumenical Temple.
  5062 | D:5      | Reached XP level 6. HP: 45/45 MP: 7/12
  5252 | D:5      | Noticed an ice beast
  5262 | D:5      | Killed an ice beast
  5263 | D:5      | Reached skill level 6 in Conjurations
  5344 | D:5      | Your scales start taking on a glossy black colour.
  5344 | D:5      | Reached XP level 7. HP: 10/50 MP: 12/14
  5344 | D:5      | Gained mutation: You are resistant to electric shocks.
                  | (rElec) [Black Draconian growth]
  5345 | D:5      | Reached skill level 7 in Conjurations
  6125 | D:6      | Reached skill level 8 in Conjurations
  6225 | D:6      | Reached skill level 1 in Translocations
  6370 | D:6      | Reached skill level 1 in Hexes
  6537 | D:6      | Reached * piety under Ashenzari
  6537 | D:6      | Identified a scroll of acquirement
  6538 | D:6      | Acquired a staff of conjuration
  6667 | D:6      | Found a runed translucent door.
  6667 | D:6      | Identified the +2 hammer "Fecouts" {vorpal, MP-9 Dex+3}
  6668 | D:6      | Noticed Crazy Yiuf
  6768 | D:6      | Killed Crazy Yiuf
  6938 | D:6      | Reached XP level 8. HP: 57/57 MP: 8/16
  7135 | D:6      | Found a stormy altar of Qazlal.
  7272 | D:6      | Found a hide-covered altar of Uskayaw.
  7374 | D:7      | Reached ** piety under Ashenzari
  7605 | D:7      | Learned a level 4 spell: Fulminant Prism
  7610 | D:7      | Learned a level 4 spell: Flame Wave
  7800 | D:7      | Found an ornate altar of the Wu Jian Council.
  7800 | D:7      | Found a radiant altar of Vehumet.
  7801 | D:7      | Found a bloodstained altar of Trog.
  7876 | D:7      | Reached skill level 9 in Conjurations
  8020 | D:7      | Found a snail-covered altar of Cheibriados.
  8255 | D:7      | Found a white marble altar of Elyvilon.
  8723 | D:8      | Reached *** piety under Ashenzari
  8738 | D:8      | Noticed a slime creature
  8739 | D:8      | Noticed a slime creature
  8741 | D:8      | Found a viscous altar of Jiyva.
  8741 | D:8      | Noticed a great orb of eyes
  8741 | D:8      | Noticed a slime creature
  8741 | D:8      | Noticed a slime creature
  8985 | D:8      | Found a transporter.
  8986 | D:8      | Noticed a slime creature
  8989 | D:8      | Found a transporter.
  8989 | D:8      | Noticed a slime creature
  9128 | D:8      | Found an iron altar of Okawaru.
  9137 | D:8      | Reached skill level 1 in Evocations
  9369 | D:8      | Learned a level 4 spell: Iskenderun's Mystic Blast
  9655 | D:9      | Noticed Grum
  9668 | D:8      | Reached skill level 1 in Fire Magic
  9668 | D:8      | Reached XP level 9. HP: 5/62 MP: 0/19
 10025 | D:9      | Killed Grum
 10026 | D:9      | Reached skill level 10 in Conjurations
 10322 | D:9      | Found a staircase to the Orcish Mines.
 10355 | D:9      | Noticed a tengu warrior
 10364 | D:9      | Noticed Pikel
 10395 | D:8      | Killed themself with a bounced orb of electricity

Illustrated notes

Levels and vault maps discovered:
D:1:      mrwooster_arrival_statue, layout_basic, minmay_tromino_mix6
D:2:      layout_rooms, serial_shops, nicolae_square_shop,
          minmay_misc_feat_encased
D:3:      layout_loops_corners
D:4:      corexii_shack_village, layout_basic, nicolae_hepliaklqana_hazy_memory,
          grunt_dithmenos_smoke_and_mirrors, overflow_temple_1_default,
          serial_curves, eino_curves_02, eino_curves_04
D:5:      layout_loops_ring, minmay_temple_entry_nine_rooms
D:6:      layout_loops_corners, nicolae_uskayaw_suspiria,
          nicolae_qazlal_eye_of_the_storm, st_stairs_3, uniq_crazy_yiuf_cottage
D:7:      layout_rooms, chei_slow_surprise, mainiacjoe_overflow_boulevard,
          gammafunk_temple_overflow_forgotten, serial_corexii_hall,
          corexii_hall_statues_deadend, chequers_hall_statues_wall_a
D:8:      gammafunk_jiyva_shrine, layout_loops_ring, okawaru_altar_gauntlet_db
D:9:      layout_loops_cross, marbit_many_paths,
          mainiacjoe_overflow_six_doors_small, david_orc_3,
          hellmonk_guarded_unrand_lears, uniq_pikel, uniq_grum

Skill      XL: |  1  2  3  4  5  6  7  8  9 |
---------------+----------------------------+-----
Stealth        | 2 3 |  3.0
Spellcasting   | 3 4 |  4.8
Conjurations   | 5 6 8 9 10 | 10.0
Translocations | 1 3 |  3.0
Hexes          | 1 3 |  3.0
Evocations     | 2 4 |  4.0
Fire Magic     | 1 3 |  3.4
Dodging        | |  1.7

Action                   |  1- 3 |  4- 6 |  7- 9 || total
-------------------------+-------+-------+-------++-------
Melee: Unarmed           |    44 |       |       ||    44
       Club              |    31 |       |       ||    31
       Tailslap          |    10 |     1 |     2 ||    13
       Punch             |     4 |     1 |       ||     5
       Dagger            |    19 |       |       ||    19
       Falchion          |       |    11 |     9 ||    20
 Cast: Magic Dart        |    72 |    11 |     7 ||    90
       Searing Ray       |     6 |    45 |    48 ||    99
       Iskenderun's Myst |       |       |    12 ||    12
       Flame Wave        |       |       |     2 ||     2
Invok: Curse Item        |       |     1 |     3 ||     4
 Abil: Breathe Lightning |       |       |     6 ||     6
  Use: Scroll            |       |     7 |     4 ||    11
       Potion            |       |     2 |     1 ||     3
Armor: Skin              |    44 |    31 |    48 ||   123
Dodge: Dodged            |    83 |    43 |    85 ||   211

Table legend: (Time is in decaauts)
 A = Elapsed time spent in this place.
 B = Non-inter-level travel time spent in this place.
 C = Inter-level travel time spent in this place.
 D = Time resting spent in this place.
 E = Time spent auto-exploring this place.
 F = Levels seen in this place.
 G = Mean time per level.
                   A        B        C        D        E       F      G
               +--------+--------+--------+--------+--------+-----+--------+
         Total |  10417 |   9708 |    709 |   1050 |   7364 |   9 | 1157.4 |
       Dungeon |  10417 |   9708 |    709 |   1050 |   7364 |   9 | 1157.4 |
               +--------+--------+--------+--------+--------+-----+--------+

Top non-repeatable levels by time:
     D:4: 1737 daAuts
     D:8: 1519 daAuts
     D:1: 1452 daAuts
     D:6: 1447 daAuts
     D:5: 1218 daAuts
     D:3: 1092 daAuts
     D:7: 930 daAuts
     D:2: 705 daAuts
     D:9: 313 daAuts
